 Dungeon Crawl Stone Soup version 0.25-a0-317-g5f8687b (webtiles) character file.

Game seed: 2439487798005208419, levelgen mode: deterministic

795 Buxparty the Slinger (level 8, -2/49 HPs)
             Began as a Halfling Hunter on Dec 25, 2019.
             Slain by a killer bee (9 damage)
             ... on level 6 of the Dungeon.
             The game lasted 00:20:32 (4258 turns).

Buxparty the Slinger (Halfling Hunter)              Turns: 4258, Time: 00:20:33

Health: -2/49      AC:  3    Str: 13    XL:     8   Next: 13%
Magic:  8/8        EV: 16    Int:  9    God:
Gold:   227        SH:  3    Dex: 22    Spells: 7/7 levels left

rFire    + . .     SeeInvis .   a - +2 hunting sling
rCold    . . .     Gourm    .   (shield restricted)
rNeg     . . .     Faith    .   c - +0 leather armour
rPois    .         Spirit   .   (no helmet)
rElec    .         Reflect  +   (no cloak)
rCorr    .         Harm     .   (no gloves)
MR       .....                  (no boots)
Stlth    ++........             h - +3 amulet of reflection
HPRegen  0.16/turn              r - +5 ring of dexterity
MPRegen  0.11/turn              n - ring of protection from fire

@: very slightly contaminated
A: small, mutation resistance 1
a: no special abilities


You were on level 6 of the Dungeon.
You were not hungry.

You visited 1 branch of the dungeon, and saw 6 of its levels.

You collected 227 gold pieces.

Inventory:

Hand Weapons
 a - a +2 hunting sling (weapon)
 b - a +0 short sword
Missiles
 l - 164 stones
 m - 48 sling bullets (quivered)
Armour
 c - a +0 leather armour (worn)
Jewellery
 h - a +3 amulet of reflection (around neck)
 k - an uncursed ring of see invisible
 n - a ring of protection from fire (right hand)
 o - an uncursed ring of wizardry
 r - a +5 ring of dexterity (left hand)
 w - an uncursed amulet of magic regeneration
 y - a cursed -3 ring of protection {unknown}
Wands
 v - a wand of enslavement (6)
Scrolls
 e - 3 scrolls of immolation
 g - 7 scrolls of identify
 i - 2 scrolls of amnesia
 p - a scroll of enchant armour {unknown}
 s - 3 scrolls of remove curse
 t - a scroll of enchant weapon
 u - a scroll of noise {unknown}
 x - a scroll of fear {unknown}
 z - a scroll of magic mapping
Potions
 d - 4 potions of curing
 j - 3 potions of haste {unknown}
 q - 2 potions of degeneration {unknown}
 B - a potion of resistance {unknown}
Comestibles
 f - 11 rations


   Skills:
 - Level 1.7 Fighting
 * Level 2.7 Short Blades
 - Level 12.0 Slings
 + Level 3.0 Dodging
 + Level 2.4 Stealth


You had 7 spell levels left.
You didn't know any spells.
Your spell library was empty.

Dungeon Overview and Level Annotations

Branches:
Dungeon (6/15)
 Temple: D:4-7

Altars:
Makhleb
Nemelex Xobeh
Okawaru
Ru
Sif Muna
Wu Jian


Innate Abilities, Weirdness & Mutations

You are small and have problems with some larger weapons.
You are somewhat resistant to further mutation.


Message History

You are too injured to fight recklessly!
You are too injured to fight recklessly!
You are too injured to fight recklessly!
You are too injured to fight recklessly!
Blink to where?
Press: ? - help, Dir - move target cursor, p - killer bee You are very lightly contaminated with residual magic.
As you read the scroll of blinking, it crumbles to dust.
The killer bee barely misses you. The killer bee stings you!
* * * LOW HITPOINT WARNING * * *
The killer bee barely misses you. The killer bee stings you.
* * * LOW HITPOINT WARNING * * *
The killer bee barely misses you. The killer bee barely misses you.
You block the killer bee's attack.
The killer bee stings you but does no damage.
The killer bee barely misses you. The killer bee stings you!
You die...

....... #.# #######.#
##.##### # #.# ###
#.#....##### #.. ..#
#y.........# # ####.# #.#
##.........## ####..).# #.#
##y.........# ..##.##.## #.#
#yy.........# ###
#.##.#...###.###.y........##
##.#
#......_......##@.........#
#...
##.###...#.##.##.........##
##... #.#
##.##.##.##.........# #....
#.# #....##....#......##
##....
#.####.#####.#..##.....#
#.....
#......#####..#.###...##
##.....
###...........#.###..##
#......
##.............#.#####
##...... #.........)....#.##
#.......


You could see 5 killer bees.

Vanquished Creatures
  An orc warrior (D:6)
  A black bear (D:5)
  An ogre (D:5)
  A crimson imp (D:5)
  A bullfrog zombie (D:6)
  2 hounds
  A jelly (D:6)
  An orc wizard (D:6)
  An orc priest (D:4)
  2 iguanas (D:6)
  4 worker ants
  A gnoll (D:1)
  3 adders
  A shadow imp (D:6)
  An ooze (D:2)
  An adder skeleton (D:4)
  A worm (D:2)
  4 leopard geckos
  15 orcs
  10 bats
  6 giant cockroaches
  8 goblins
  9 hobgoblins
  6 jackals
  8 kobolds
  3 quokkas
  3 frilled lizards
  A jackal skeleton (D:6)
  A jackal zombie (D:5)
  8 rats
106 creatures vanquished.

Notes
Turn   | Place    | Note
-------+----------+-------------------------------------------
     0 | D:1      | Buxparty the Halfling Hunter began the quest for the Orb.
     0 | D:1      | Reached XP level 1. HP: 14/14 MP: 1/1
    41 | D:1      | Reached skill level 6 in Slings
    95 | D:1      | Reached XP level 2. HP: 19/19 MP: 2/2
   268 | D:1      | Reached XP level 3. HP: 24/24 MP: 3/3
   269 | D:1      | Reached skill level 7 in Slings
   659 | D:2      | Found an iron altar of Okawaru.
   717 | D:2      | Reached XP level 4. HP: 29/29 MP: 4/4
   902 | D:2      | Reached skill level 8 in Slings
   986 | D:2      | Found a sparkling altar of Nemelex Xobeh.
  1513 | D:3      | Found a shimmering blue altar of Sif Muna.
  1740 | D:3      | Reached XP level 5. HP: 34/34 MP: 5/5
  1969 | D:4      | Reached skill level 9 in Slings
  2214 | D:4      | Found a burning altar of Makhleb.
  2327 | D:5      | Entered Level 5 of the Dungeon
  2327 | D:5      | Noticed an ogre
  2336 | D:5      | Killed an ogre
  2336 | D:5      | Reached skill level 10 in Slings
  2336 | D:5      | Reached XP level 6. HP: 26/39 MP: 6/6
  2443 | D:5      | Noticed a sky beast
  3186 | D:5      | Reached XP level 7. HP: 44/44 MP: 7/7
  3446 | D:6      | Reached skill level 11 in Slings
  3821 | D:6      | Found a sacrificial altar of Ru.
  3872 | D:6      | Reached skill level 12 in Slings
  3973 | D:6      | Found an ornate altar of the Wu Jian Council.
  3990 | D:6      | Reached skill level 1 in Short Blades
  4012 | D:6      | Reached XP level 8. HP: 39/49 MP: 8/8
  4258 | D:6      | Slain by a killer bee

Levels and vault maps discovered:
D:1:      shiori_arrival_maze, layout_rooms, hangedman_glass_teeth
D:2:      layout_basic, nemelex_xobeh_ov_fountains_minmay, lemuel_doored_altar,
          first_ration
D:3:      layout_basic, lemuel_round_altar, minmay_misc_feat_square
D:4:      layout_cave_pools, kennysheep_little_box
D:5:      minmay_razor_zed, layout_cave_pools
D:6:      layout_cave_pods, nicolae_overflow_crystal_walls, kennysheep_mini_moat

Skill      XL: |  1  2  3  4  5  6  7 |
---------------+----------------------+-----
Slings         | 6 7 8 10 12 | 12.0
Stealth        | 2 |  2.4
Short Blades   | 2 |  2.7
Dodging        | 3 |  3.0
Fighting       | |  1.7

Action                   |  1- 3 |  4- 6 |  7- 9 || total
-------------------------+-------+-------+-------++-------
 Fire: Hunting sling     |    64 |   153 |   139 ||   356
  Use: Scroll            |       |    10 |     1 ||    11
       Potion            |       |     3 |       ||     3
  Eat: Ration            |       |     2 |     1 ||     3
Armor: Leather armour    |     1 |     5 |     2 ||     8
Dodge: Dodged            |     2 |    15 |    32 ||    49
Block: Other             |     1 |     3 |     4 ||     8

Table legend:
 A = Non-vault XP
 B = Vault XP
 C = Vault XP percentage of total XP
 D = Non-vault monster count
 E = Vault monster count
 F = Vault count percentage of total count
                 A         B        C        D         E       F
            +---------+---------+-------+---------+---------+-------
      Total |     988 |     149 |  13.1 |      96 |      10 |   9.4
            +---------+---------+-------+---------+---------+-------
        D:1 |      54 |       3 |   5.3 |      26 |       2 |   7.1
        D:2 |      40 |       0 |   0.0 |      13 |       0 |   0.0
        D:3 |      45 |       0 |   0.0 |      21 |       0 |   0.0
        D:4 |     113 |       0 |   0.0 |      13 |       0 |   0.0
        D:5 |     292 |     146 |  33.3 |       7 |       8 |  53.3
        D:6 |     444 |       0 |   0.0 |      16 |       0 |   0.0
            +---------+---------+-------+---------+---------+-------
